| TOP OF THE 1ST |
|
Dunedin Rangers batting - Pitching for Bradenton Sox : LHP Bert Johnson
|
|
Pitching: LHP Bert Johnson
|
|
|
Batting: SHB Bryan Little
|
0-0: Called Strike 0-1: Ball 1-1: SINGLE (Groundball, 56S, EV 63.8 MPH) (infield hit)
|
|
Batting: LHB Curt Ford
|
0-0: Ball 1-0: Called Strike 1-1: Called Strike 1-2: Foul Ball, location: 2F 1-2: Ball 2-2: Foul Ball, location: 2F 2-2: Ball 3-2: SINGLE (Flyball, 5D, EV 91.9 MPH) Bryan Little to second
|
|
Batting: LHB La Schelle Tarver
|
0-0: Ball Bryan Little steals 3rd base Curt Ford to second 1-0: Foul Ball, location: 2F 1-1: Foul Ball, location: 2F 1-2: Ball 2-2: SINGLE (Line Drive, 7S, EV 91.3 MPH) Bryan Little scores Curt Ford to third
|
|
Batting: RHB Glenn Wilson
|
0-0: SINGLE (Line Drive, 89M, EV 106.9 MPH) Curt Ford scores La Schelle Tarver to second
|
|
Batting: RHB Mike Taylor
|
0-0: SINGLE (Groundball, 56D, EV 115.6 MPH) La Schelle Tarver to third Glenn Wilson to second Runner from 3rd tries for Home, SAFE, throw by LF to home
|
|
Batting: LHB Ty Van Burkleo
|
0-0: Ball 1-0: Foul Ball, location: 2F 1-1: Fielders Choice at 2nd, 3-6 (Groundball, 34, EV 90.0 MPH) Glenn Wilson to third
|
|
Batting: RHB John Gibbons
|
0-0: Ball 1-0: Called Strike 1-1: Foul Ball, location: 2F 1-2: Fielders Choice at 2nd, 3-6 (Groundball, 34S, EV 89.4 MPH) Glenn Wilson scores
|
|
Batting: RHB Edgar Martinez
|
0-0: Ball 1-0: Called Strike 1-1: Foul Ball, location: 2F 1-2: Strikes out swinging
|
| Top of the 1st over - 4 runs, 5 hits, 0 errors, 1 left on base; Dunedin 4 - Bradenton 0 |
| BOTTOM OF THE 1ST |
|
Bradenton Sox batting - Pitching for Dunedin Rangers : LHP Scott Johnson
|
|
Pitching: LHP Scott Johnson
|
|
|
Batting: RHB Dave Coss
|
0-0: Foul Ball, location: 2F 0-1: Ball 1-1: Called Strike 1-2: Ground out 4-3 (Groundball, 4, EV 106.3 MPH)
|
|
Batting: RHB Rene Gonzales
|
0-0: Ball 1-0: Ball 2-0: Swinging Strike 2-1: Ball 3-1: Called Strike 3-2: Base on Balls
|
|
Batting: RHB Dennis Tiefenthaler
|
0-0: Called Strike 0-1: Foul Ball, location: 2F 0-2: Strikes out looking
|
|
Batting: RHB Dave Hoeksema
|
0-0: Reached on error, E6 (Groundball, 6D, EV 88.8 MPH) Rene Gonzales to second
|
|
Batting: RHB Jerry Nalley
|
0-0: Ball 1-0: SINGLE (Groundball, 4MD, EV 97.5 MPH) Rene Gonzales to third Dave Hoeksema to second Runner from 3rd tries for Home, SAFE, throw by CF to home
|
|
Batting: RHB William Murray
|
0-0: Ball 1-0: Swinging Strike 1-1: Ball 2-1: Called Strike 2-2: Foul Ball, location: 2F 2-2: Ball 3-2: Foul Ball, location: 2F 3-2: Ground out 4-3 (Groundball, 4, EV 109.4 MPH)
|
| Bottom of the 1st over - 1 run, 1 hit, 1 error, 2 left on base; Dunedin 4 - Bradenton 1 |
| TOP OF THE 2ND |
|
Dunedin Rangers batting - Pitching for Bradenton Sox : LHP Bert Johnson
|
|
Batting: RHB Ron Gant
|
0-0: Ball 1-0: Ball 2-0: Ball 3-0: Called Strike 3-1: Foul Ball, location: 2F 3-2: TRIPLE (Flyball, 89XD, EV 112.5 MPH)
|
|
Batting: SHB Bryan Little
|
0-0: SINGLE (Groundball, 5S, EV 70.6 MPH) (infield hit) Ron Gant scores
|
|
Batting: LHB Curt Ford
|
0-0: Ball 1-0: Swinging Strike 1-1: Ball 2-1: Foul Ball, location: 2F 2-2: Fielders Choice at 2nd, 4-6 (Groundball, 4, EV 106.3 MPH)
|
|
Batting: LHB La Schelle Tarver
|
0-0: Ball 1-0: Called Strike 1-1: Ball 2-1: Ball 3-1: Base on Balls Curt Ford to second
|
|
Batting: RHB Glenn Wilson
|
0-0: Foul Ball, location: 2F 0-1: Ball 1-1: Ball 2-1: SINGLE (Groundball, 56D, EV 94.4 MPH) Curt Ford to third La Schelle Tarver to second Runner from 3rd tries for Home, SAFE, throw by LF to home
|
|
Pitching: RHP Joe Stefani
|
|
|
Batting: RHB Mike Taylor
|
0-0: Ball 1-0: TRIPLE (Flyball, 78XD, EV 88.1 MPH) La Schelle Tarver scores Glenn Wilson scores
|
|
Batting: LHB Ty Van Burkleo
|
0-0: Ball 1-0: Called Strike 1-1: Ball 2-1: Ball 3-1: Base on Balls
|
|
Batting: RHB John Gibbons
|
0-0: Called Strike 0-1: Fly out, F8 (Flyball, 8LM, EV 88.8 MPH) Runner from 3rd tags up, SCORES, throw by CF
|
|
Batting: RHB Edgar Martinez
|
0-0: Ball 1-0: Ball 2-0: Ball 3-0: Base on Balls Ty Van Burkleo to second
|
|
Batting: RHB Ron Gant
|
0-0: Foul Ball, location: 2F 0-1: Called Strike 0-2: Foul Ball, location: 2F 0-2: Ball 1-2: Foul Ball, location: 2F 1-2: Strikes out swinging
|
| Top of the 2nd over - 5 runs, 4 hits, 0 errors, 2 left on base; Dunedin 9 - Bradenton 1 |
| BOTTOM OF THE 2ND |
|
Bradenton Sox batting - Pitching for Dunedin Rangers : LHP Scott Johnson
|
|
Batting: RHB Gerry Melillo
|
0-0: SINGLE (Groundball, 6M, EV 100.6 MPH) (infield hit)
|
|
Batting: RHB Dennis Keating
|
0-0: Fly out, F9 (Line Drive, 9, EV 110.6 MPH)
|
|
Batting: RHB Robert Parr
|
0-0: Ball 1-0: Ball 2-0: Called Strike 2-1: Fly out, F2 (Popup, 3SF, EV 91.9 MPH)
|
|
Batting: RHB Dave Coss
|
0-0: Called Strike 0-1: Ball 1-1: Foul Ball, location: 2F 1-2: Foul Ball, location: 2F 1-2: DOUBLE (Line Drive, 9LM, EV 105.0 MPH) Gerry Melillo to third Runner from 3rd tries for Home, SAFE, throw by RF to trailing runner, SAFE at third!
|
|
Batting: RHB Rene Gonzales
|
0-0: Called Strike 0-1: Swinging Strike 0-2: Ball 1-2: Fly out, F7 (Flyball, 78D, EV 100.0 MPH)
|
| Bottom of the 2nd over - 1 run, 2 hits, 0 errors, 1 left on base; Dunedin 9 - Bradenton 2 |
| TOP OF THE 3RD |
|
Dunedin Rangers batting - Pitching for Bradenton Sox : RHP Joe Stefani
|
|
Batting: SHB Bryan Little
|
0-0: Called Strike 0-1: Ball 1-1: Swinging Strike 1-2: Foul Ball, location: 2F 1-2: Strikes out swinging
|
|
Batting: LHB Curt Ford
|
0-0: Foul Ball, location: 2F 0-1: Called Strike 0-2: Ball 1-2: Ball 2-2: Ball 3-2: Base on Balls
|
|
Batting: LHB La Schelle Tarver
|
0-0: Ball 1-0: Foul Ball, location: 2F 1-1: Ball 2-1: Ball 3-1: Base on Balls Curt Ford to second
|
|
Batting: RHB Glenn Wilson
|
0-0: Ball 1-0: Called Strike 1-1: Foul Ball, location: 2F 1-2: Foul Ball, location: 2F 1-2: Strikes out swinging
|
|
Batting: RHB Mike Taylor
|
0-0: Fly out, F8 (Flyball, 8RD, EV 100.0 MPH)
|
| Top of the 3rd over - 0 runs, 0 hits, 0 errors, 2 left on base; Dunedin 9 - Bradenton 2 |
| BOTTOM OF THE 3RD |
|
Bradenton Sox batting - Pitching for Dunedin Rangers : LHP Scott Johnson
|
|
Batting: RHB Dennis Tiefenthaler
|
0-0: Called Strike 0-1: Ball 1-1: Swinging Strike 1-2: Foul Ball, location: 2F 1-2: Foul Ball, location: 2F 1-2: Foul Ball, location: 2F 1-2: Ball 2-2: Ball 3-2: Foul Ball, location: 2F 3-2: Base on Balls
|
|
Batting: RHB Dave Hoeksema
|
0-0: Ball 1-0: Ball 2-0: SINGLE (Line Drive, 4MD, EV 98.1 MPH) Dennis Tiefenthaler to second
|
|
Batting: RHB Jerry Nalley
|
0-0: Foul Ball, location: 2F 0-1: Ball 1-1: Ball 2-1: Foul Ball, location: 2F 2-2: Foul Ball, location: 2F 2-2: SINGLE (Line Drive, 89S, EV 104.4 MPH) Dennis Tiefenthaler to third Dave Hoeksema to second Runner from 3rd tries for Home, SAFE, throw by RF to home
|
|
Batting: RHB William Murray
|
0-0: Ball 1-0: Foul Ball, location: 2F 1-1: Called Strike 1-2: Foul Ball, location: 2F 1-2: Fly out, F8 (Flyball, 8LM, EV 90.0 MPH)
|
|
Batting: RHB Gerry Melillo
|
0-0: SINGLE (Line Drive, 56D, EV 96.3 MPH) Dave Hoeksema to third Jerry Nalley to second Runner from 3rd tries for Home, SAFE, throw by LF to home
|
|
Batting: RHB Dennis Keating
|
0-0: Foul Ball, location: 2F 0-1: Grounds into double play, 4-6-3 (Groundball, 4, EV 101.3 MPH)
|
| Bottom of the 3rd over - 2 runs, 3 hits, 0 errors, 1 left on base; Dunedin 9 - Bradenton 4 |
| TOP OF THE 4TH |
|
Dunedin Rangers batting - Pitching for Bradenton Sox : RHP Joe Stefani
|
|
Batting: LHB Ty Van Burkleo
|
0-0: Ground out U3 (Groundball, 3S, EV 68.1 MPH)
|
|
Batting: RHB John Gibbons
|
0-0: Called Strike 0-1: Hit by Pitch
|
|
Batting: RHB Edgar Martinez
|
0-0: Called Strike 0-1: DOUBLE (Flyball, 8RXD, EV 103.8 MPH) John Gibbons to third Runner from 3rd tries for Home, SAFE, throw by CF to home
|
|
Pitching: RHP Ronald Nero
|
|
|
Batting: RHB Ron Gant
|
0-0: Ground out 4-3 (Groundball, 4, EV 83.8 MPH) Edgar Martinez to third
|
|
Batting: SHB Bryan Little
|
0-0: Called Strike 0-1: Ball 1-1: Foul Ball, location: 2F 1-2: Ball 2-2: Fly out, F7 (Flyball, 7S, EV 83.1 MPH)
|
| Top of the 4th over - 1 run, 1 hit, 0 errors, 1 left on base; Dunedin 10 - Bradenton 4 |
| BOTTOM OF THE 4TH |
|
Bradenton Sox batting - Pitching for Dunedin Rangers : LHP Scott Johnson
|
|
Batting: RHB Robert Parr
|
0-0: Swinging Strike 0-1: Foul Ball, location: 2F 0-2: Ground out 6-3 (Groundball, 6S, EV 84.4 MPH)
|
|
Batting: RHB Dave Coss
|
0-0: Ball 1-0: Ground out 6-3 (Groundball, 56, EV 83.1 MPH)
|
|
Batting: RHB Rene Gonzales
|
0-0: Ball 1-0: SINGLE (Flyball, 3D, EV 84.4 MPH)
|
|
Batting: RHB Dennis Tiefenthaler
|
0-0: Swinging Strike 0-1: Foul Ball, location: 2F 0-2: SINGLE (Line Drive, 89S, EV 95.6 MPH) Rene Gonzales to second Runner from 2nd tries for 3rd, SAFE, throw by RF made to third
|
|
Batting: RHB Dave Hoeksema
|
0-0: Fielders Choice at 2nd, 6-4 (Groundball, 6, EV 82.5 MPH)
|
| Bottom of the 4th over - 0 runs, 2 hits, 0 errors, 2 left on base; Dunedin 10 - Bradenton 4 |
| TOP OF THE 5TH |
|
Dunedin Rangers batting - Pitching for Bradenton Sox : RHP Ronald Nero
|
|
Batting: LHB Curt Ford
|
0-0: Ball 1-0: Ball 2-0: Ball 3-0: Swinging Strike 3-1: Called Strike 3-2: SOLO HOME RUN (Flyball, 9D, EV 101.9 MPH), Distance : 381 ft
|
|
Batting: LHB La Schelle Tarver
|
0-0: Ball 1-0: Ground out U3 (Groundball, 3, EV 80.6 MPH)
|
|
Batting: RHB Glenn Wilson
|
0-0: Fly out, F7 (Flyball, 7, EV 91.3 MPH)
|
|
Batting: RHB Mike Taylor
|
0-0: Ball 1-0: Called Strike 1-1: Called Strike 1-2: Ball 2-2: Strikes out looking
|
| Top of the 5th over - 1 run, 1 hit, 0 errors, 0 left on base; Dunedin 11 - Bradenton 4 |
| BOTTOM OF THE 5TH |
|
Bradenton Sox batting - Pitching for Dunedin Rangers : LHP Scott Johnson
|
|
Batting: RHB Jerry Nalley
|
0-0: Called Strike 0-1: Ball 1-1: Fly out, F7 (Flyball, 7D, EV 90.0 MPH)
|
|
Batting: RHB William Murray
|
0-0: Foul Ball, location: 2F 0-1: Ball 1-1: Foul Ball, location: 2F 1-2: Reaches on Catchers interference
|
|
Batting: RHB Gerry Melillo
|
0-0: Ball 1-0: Ball 2-0: Ball 3-0: Called Strike 3-1: Called Strike 3-2: SINGLE (Line Drive, 56D, EV 98.8 MPH) William Murray to second
|
|
Batting: RHB Dennis Keating
|
0-0: Called Strike 0-1: Ball 1-1: SINGLE (Groundball, 4D, EV 106.9 MPH) William Murray to third Gerry Melillo to second Runner from 3rd tries for Home, SAFE, throw by CF to home
|
|
Batting: RHB Robert Parr
|
0-0: Foul Ball, location: 2F 0-1: Foul Ball, location: 2F 0-2: Strikes out swinging
|
|
Batting: RHB Dave Coss
|
0-0: Ball 1-0: Foul Ball, location: 2F 1-1: Ball 2-1: Ball 3-1: Base on Balls Gerry Melillo to third Dennis Keating to second
|
|
Batting: RHB Rene Gonzales
|
0-0: Called Strike 0-1: Swinging Strike 0-2: Foul Ball, location: 2F 0-2: DOUBLE (Line Drive, 7LM, EV 93.1 MPH) Gerry Melillo scores Dennis Keating scores Dave Coss to third Runner from 3rd tries for Home, SAFE, no throw by LF
|
|
Pitching: RHP Tex Pankratz
|
|
|
Batting: RHB Dennis Tiefenthaler
|
0-0: Called Strike 0-1: Called Strike 0-2: Ball 1-2: Fly out, F8 (Flyball, 8RD, EV 88.8 MPH)
|
| Bottom of the 5th over - 4 runs, 3 hits, 1 error, 1 left on base; Dunedin 11 - Bradenton 8 |
| TOP OF THE 6TH |
|
Dunedin Rangers batting - Pitching for Bradenton Sox : RHP Ronald Nero
|
|
Batting: LHB Ty Van Burkleo
|
0-0: Swinging Strike 0-1: Foul Ball, location: 2F 0-2: Ball 1-2: Strikes out looking
|
|
Batting: RHB John Gibbons
|
0-0: SINGLE (Groundball, 56D, EV 98.8 MPH)
|
|
Batting: RHB Edgar Martinez
|
0-0: Ball 1-0: Called Strike 1-1: Foul Ball, location: 2F 1-2: SINGLE (Groundball, 56D, EV 100.0 MPH) (infield hit) John Gibbons to second
|
|
Batting: RHB Ron Gant
|
0-0: Ball 1-0: Ball 2-0: TRIPLE (Flyball, 78XD, EV 102.5 MPH) John Gibbons scores Edgar Martinez scores
|
|
Batting: SHB Bryan Little
|
0-0: Called Strike 0-1: Fly out, F4 (Line Drive, 4, EV 62.5 MPH)
|
|
Batting: LHB Curt Ford
|
0-0: Foul Ball, location: 2F 0-1: Ball 1-1: Ball 2-1: Called Strike 2-2: Ball 3-2: Foul Ball, location: 2F 3-2: Base on Balls
|
|
Batting: LHB La Schelle Tarver
|
0-0: Fly out, F9 (Line Drive, 9, EV 97.5 MPH)
|
| Top of the 6th over - 2 runs, 3 hits, 0 errors, 2 left on base; Dunedin 13 - Bradenton 8 |
| BOTTOM OF THE 6TH |
|
Bradenton Sox batting - Pitching for Dunedin Rangers : RHP Tex Pankratz
|
|
Batting: RHB Dave Hoeksema
|
0-0: Called Strike 0-1: Ground out 5-3 (Groundball, 56, EV 89.4 MPH)
|
|
Batting: RHB Jerry Nalley
|
0-0: Foul Ball, location: 2F 0-1: Ball 1-1: Ball 2-1: Ball 3-1: Fly out, F5 (Popup, 5L, EV 75.6 MPH)
|
|
Batting: RHB William Murray
|
0-0: Ball 1-0: Fly out, F8 (Flyball, 8RM, EV 89.4 MPH)
|
| Bottom of the 6th over - 0 runs, 0 hits, 0 errors, 0 left on base; Dunedin 13 - Bradenton 8 |
| TOP OF THE 7TH |
|
Dunedin Rangers batting - Pitching for Bradenton Sox : RHP Ronald Nero
|
|
Batting: RHB Glenn Wilson
|
0-0: Called Strike 0-1: Fly out, F7 (Flyball, 78S, EV 93.8 MPH)
|
|
Batting: RHB Mike Taylor
|
0-0: Called Strike 0-1: Ball 1-1: Foul Ball, location: 2F 1-2: Fly out, F8 (Flyball, 89D, EV 98.8 MPH)
|
|
Pitching: LHP Marc Leyerle
|
|
|
Batting: LHB Ty Van Burkleo
|
0-0: Called Strike 0-1: Ball 1-1: Foul Ball, location: 2F 1-2: Ball 2-2: Ball 3-2: Base on Balls
|
|
Batting: RHB John Gibbons
|
0-0: Foul Ball, location: 2F 0-1: Ball 1-1: Swinging Strike 1-2: Fly out, F7 (Flyball, 78M, EV 93.8 MPH)
|
| Top of the 7th over - 0 runs, 0 hits, 0 errors, 1 left on base; Dunedin 13 - Bradenton 8 |
| BOTTOM OF THE 7TH |
|
Bradenton Sox batting - Pitching for Dunedin Rangers : RHP Tex Pankratz
|
|
Batting: RHB Gerry Melillo
|
0-0: Foul Ball, location: 2F 0-1: Ball 1-1: Ball 2-1: Ball 3-1: Base on Balls
|
|
Batting: RHB Dennis Keating
|
0-0: Fly out, F2 (Popup, 23F, EV 85.6 MPH)
|
|
Batting: RHB Robert Parr
|
0-0: Ball 1-0: Fly out, F5 (Flyball, 5D, EV 89.4 MPH)
|
|
Batting: RHB Dave Coss
|
0-0: Foul Ball, location: 2F 0-1: Called Strike 0-2: Ball 1-2: Foul Ball, location: 2F 1-2: Ball 2-2: Ball 3-2: Strikes out swinging
|
| Bottom of the 7th over - 0 runs, 0 hits, 0 errors, 1 left on base; Dunedin 13 - Bradenton 8 |
| TOP OF THE 8TH |
|
Dunedin Rangers batting - Pitching for Bradenton Sox : LHP Marc Leyerle
|
|
Batting: RHB Edgar Martinez
|
0-0: Fly out, F2 (Popup, 5SF, EV 69.4 MPH)
|
|
Batting: RHB Ron Gant
|
0-0: Foul Ball, location: 2F 0-1: Called Strike 0-2: Fly out, F6 (Popup, 6MS, EV 66.3 MPH)
|
|
Batting: SHB Bryan Little
|
0-0: Called Strike 0-1: Ball 1-1: Ball 2-1: Fly out, F8 (Flyball, 8LXD, EV 102.5 MPH)
|
| Top of the 8th over - 0 runs, 0 hits, 0 errors, 0 left on base; Dunedin 13 - Bradenton 8 |
| BOTTOM OF THE 8TH |
|
Bradenton Sox batting - Pitching for Dunedin Rangers : RHP Tex Pankratz
|
|
Batting: RHB Rene Gonzales
|
0-0: Foul Ball, location: 2F 0-1: Ground out 4-3 (Groundball, 4, EV 85.6 MPH)
|
|
Batting: RHB Dennis Tiefenthaler
|
0-0: Foul Ball, location: 2F 0-1: Called Strike 0-2: Ball 1-2: Foul Ball, location: 2F 1-2: Ball 2-2: Ball 3-2: Foul Ball, location: 2F 3-2: Base on Balls
|
|
Batting: RHB Dave Hoeksema
|
0-0: Ball 1-0: Fly out, F4 (Popup, 4D, EV 72.5 MPH)
|
|
Batting: RHB Jerry Nalley
|
0-0: Ball 1-0: Ball 2-0: Ball 3-0: Called Strike 3-1: Foul Ball, location: 2F 3-2: SINGLE (Line Drive, 34, EV 98.1 MPH) Dennis Tiefenthaler to second Dennis Tiefenthaler to third
|
|
Batting: RHB William Murray
|
0-0: Ball 1-0: Ball 2-0: Ball 3-0: Called Strike 3-1: Called Strike 3-2: Foul Ball, location: 2F 3-2: Fly out, F5 (Popup, 5SF, EV 70.0 MPH)
|
| Bottom of the 8th over - 0 runs, 1 hit, 0 errors, 2 left on base; Dunedin 13 - Bradenton 8 |
| TOP OF THE 9TH |
|
Dunedin Rangers batting - Pitching for Bradenton Sox : LHP Marc Leyerle
|
|
Batting: LHB Curt Ford
|
0-0: Foul Ball, location: 2F 0-1: Ball 1-1: Foul Ball, location: 2F 1-2: Ball 2-2: Ground out U3 (Groundball, 3, EV 90.6 MPH)
|
|
Batting: LHB La Schelle Tarver
|
0-0: Called Strike 0-1: Ground out 6-3 (Groundball, 6, EV 87.5 MPH)
|
|
Batting: RHB Glenn Wilson
|
0-0: Ground out 5-3 (Groundball, 56, EV 101.3 MPH)
|
| Top of the 9th over - 0 runs, 0 hits, 0 errors, 0 left on base; Dunedin 13 - Bradenton 8 |
| BOTTOM OF THE 9TH |
|
Bradenton Sox batting - Pitching for Dunedin Rangers : RHP Tex Pankratz
|
|
Batting: RHB Gerry Melillo
|
0-0: Foul Ball, location: 2F 0-1: Ball 1-1: Swinging Strike 1-2: Ball 2-2: Foul Ball, location: 2F 2-2: Ball 3-2: Base on Balls
|
|
Pitching: RHP Francis Parreira
|
|
|
Batting: RHB Dennis Keating
|
0-0: Swinging Strike 0-1: Ball 1-1: Fly out, F8 (Flyball, 8RD, EV 92.5 MPH)
|
|
Batting: RHB Robert Parr
|
0-0: Called Strike 0-1: Ball 1-1: Ball 2-1: Called Strike 2-2: Strikes out looking
|
|
Batting: RHB Dave Coss
|
0-0: Ball 1-0: Foul Ball, location: 2F 1-1: Ball 2-1: Called Strike 2-2: Foul Ball, location: 2F 2-2: Foul Ball, location: 2F 2-2: Strikes out swinging
|
| Bottom of the 9th over - 0 runs, 0 hits, 0 errors, 1 left on base; Dunedin 13 - Bradenton 8 |
|